 Dungeon Crawl Stone Soup version 0.13-a0-2537-g1f6edf4 (webtiles) character file.

156 Archteshnor the Insei (level 4, -7/34 HPs)
             Began as a Human Monk on July 27, 2013.
             Was a Believer of Okawaru.
             Mangled by Sigmund
             ... wielding a +0,+0 scythe
              (10 damage)
             ... on Level 3 of the Dungeon.
             The game lasted 00:06:22 (1654 turns).

Archteshnor the Insei (Human Monk)                  Turns: 1654, Time: 00:06:22

HP  -7/34        AC  4     Str 12      XL: 4   Next: 62%
MP   1/3         EV 17     Int 10      God: Okawaru [**....]
Gold 77          SH  0     Dex 16      Spells:  0 memorised,  3 levels left

Res.Fire  : . . .   See Invis. : .     - Unarmed
Res.Cold  : . . .   Warding    : .   i - +1 leather armour
Life Prot.: . . .   Conserve   : .   (no shield)
Res.Poison: .       Res.Corr.  : .   (no helmet)
Res.Elec. : .       Clarity    : .   (no cloak)
Sust.Abil.: + .     Spirit.Shd : .   (no gloves)
Res.Mut.  : .       Stasis     : .   (no boots)
Res.Rott. : .       Flight     : .   (no amulet)
Saprovore : . . .                    (no ring)
                                     o - ring of sustain abilities

@: heroism, slightly resistant to hostile enchantments, quite stealthy
A: no striking features
a: Heroism, Renounce Religion


You were on level 3 of the Dungeon.
You worshipped Okawaru.
Okawaru was most pleased with you.
You were not hungry.

You visited 1 branch of the dungeon, and saw 3 of its levels.

You collected 77 gold pieces.

Inventory:

Armour
 a - a +0 robe
 g - a +0 pair of gauntlets
 i - a +1 leather armour (worn)
Comestibles
 b - 2 bread rations
 c - a beef jerky
 s - an apple
Scrolls
 e - a scroll of remove curse {unknown}
 h - a scroll of curse weapon {unknown}
 k - 3 scrolls of amnesia {unknown}
Jewellery
 l - an uncursed ring of flight {unknown}
 n - an uncursed amulet of warding {unknown}
 o - a ring of sustain abilities (left hand)
Potions
 d - 5 potions of curing
 f - 2 potions of restore abilities {unknown}
 j - a potion of brilliance {unknown}
 m - a potion of speed {unknown}
 p - a potion of beneficial mutation {unknown}
 q - a potion of flight {unknown}


   Skills:
 - Level 3.0(8.0) Fighting
 + Level 3.8(8.8) Dodging
 - Level 2.0(7.0) Stealth
 * Level 5.1(10.1) Unarmed Combat


You had 3 spell levels left.
You didn't know any spells.

Dungeon Overview and Level Annotations

Branches:
Dungeon (3/27)

Altars:
Okawaru
Sif Muna

Annotations
D:3 Sigmund


Message History

It hits you!
Use which ability? (? or * to list)
You gain the combat prowess of a mighty hero.
You feel slightly more hungry. It hits you but does no damage.
You see here a jackal corpse.
You barely miss it. You punch it.
You hear some strange, mumbled words.
The puff of flame hits you!
* * * LOW HITPOINT WARNING * * *
You barely miss it.
You hear some strange, mumbled words.
The magic dart hits you!
* * * LOW HITPOINT WARNING * * *
You miss it. It hits you.
* * * LOW HITPOINT WARNING * * *
You barely miss it. You closely miss it. You punch it. It closely misses you.
You barely miss it. You closely miss it. It hits you!
You die...

# #.. .. ..
#. #.
#.#######.
#..)...?...
#@...#
###.##.#
#.).# #.###
#.# #.####
### #....#
..# ####.#
#.# #.# #.#


There were no monsters in sight!

Vanquished Creatures
  2 adders (D:3)
  3 oozes
  3 orcs (D:3)
  5 hobgoblins
  3 jackals (D:3)
  7 kobolds
  A quokka (D:2)
  9 bats
  2 giant cockroaches (D:2)
  2 giant geckos (D:1)
  7 giant newts
  6 goblins
  6 rats
56 creatures vanquished.

Notes
Turn   | Place    | Note
--------------------------------------------------------------
     0 | D:1      | Archteshnor, the Human Monk, began the quest for the Orb.
     0 | D:1      | Reached XP level 1. HP: 16/16 MP: 0/0
   167 | D:1      | Reached XP level 2. HP: 20/22 MP: 1/1
   383 | D:1      | Reached XP level 3. HP: 15/28 MP: 2/2
   818 | D:2      | Found an iron altar of Okawaru.
   819 | D:2      | Found a deep blue altar of Sif Muna.
   826 | D:2      | Became a worshipper of Warmaster Okawaru
   826 | D:2      | Acquired Okawaru's first power
  1276 | D:3      | Reached XP level 4. HP: 30/34 MP: 3/3
  1281 | D:3      | Reached skill level 5 in Unarmed Combat
  1340 | D:2      | HP: 1/34 [poisoned by an adder]
  1636 | D:3      | Noticed Sigmund
  1654 | D:3      | Mangled by Sigmund

Action                   |  1- 3 |  4- 6 || total
-------------------------+-------+-------++-------
Melee: Unarmed           |   122 |    50 ||   172
Invok: Heroism           |       |     1 ||     1
  Use: Scroll            |    10 |       ||    10
       Potion            |       |     1 ||     1
 Stab: Sleeping          |     6 |     1 ||     7
